 Dungeon Crawl Stone Soup version 0.30-a0-23-ge60ba3568b (webtiles) character file.

Game seed: 10024440096170416331

51 Zonian the Sneak (level 3, 0/18 HPs)
             Began as a Spriggan Brigand on Aug 25, 2022.
             Was a Believer of Uskayaw.
             Killed from afar by Robin (7 damage)
             ... with a puff of flame
             ... on level 2 of the Dungeon.
             The game lasted 00:02:34 (1878 turns).

Zonian the Sneak (Spriggan Brigand)                 Turns: 1878, Time: 00:02:35

Health: 0/18       AC:  3    Str:  7    XL:     3   Next: 57%
Magic:  4/4        EV: 21    Int: 12    God:    Uskayaw [**....]
Gold:   60         SH:  0    Dex: 18    Spells: 2/2 levels left

rFire   . . .      SeeInvis +    a - +2 dagger
rCold   . . .      Faith    .    (no shield)
rNeg    . . .      Spirit   .    b - +0 robe
rPois   .          Reflect  .    (helmet restricted)
rElec   .          Harm     .    c - +0 cloak
rCorr   .          Rampage  .    (gloves unavailable)
Will    .....                    (boots unavailable)
Stlth   +++.......               (no amulet)
HPRegen 0.06/turn                f - +4 ring of evasion
MPRegen 0.09/turn                (no ring)

@: very quick
A: very small, no large weapons, unfitting armour, see invisible, speed 3
a: Renounce Religion, Stomp, Line Pass


You were on level 2 of the Dungeon.
You worshipped Uskayaw.
Uskayaw was noncommittal.
You visited 1 branch of the dungeon, and saw 2 of its levels.

You collected 60 gold pieces.

Inventory:

Hand Weapons
 a - a +2 dagger (weapon)
Missiles
 d - 9 poisoned darts (quivered)
 e - 3 curare-tipped darts
Armour
 b - a +0 robe (worn)
 c - a +0 cloak (worn)
Jewellery
 f - a +4 ring of evasion (left hand)
 k - a ring of ice
Scrolls
 g - a scroll of identify {unknown}
 h - a scroll of poison {unknown}
Potions
 i - a potion of resistance {unknown}
 j - a potion of heal wounds {unknown}


   Skills:
 + Level 2.0 Fighting
 + Level 2.7 Short Blades
 + Level 2.4 Throwing
 + Level 2.3 Dodging
 + Level 6.4 Stealth


You had 2 spell levels left.
You didn't know any spells.
Your spell library contained the following spells:

 Spells                   Type           Power      Damage    Failure   Level
 Apportation              Tloc           0%         N/A       32%         1
 Magic Dart               Conj           0%         1d3       32%         1
 Call Imp                 Summ           0%         N/A       45%         2
 Mephitic Cloud           Conj/Pois/Air  0%         N/A       69%         3
 Alistair's Intoxication  Tmut/Pois      0%         N/A       100%        5


Dungeon Overview and Level Annotations

Branches:
Dungeon (2/15)

Altars:
Uskayaw

Annotations:
D:1 2 transporters
D:2 1 runed translucent door, Crazy Yiuf, Robin


Innate Abilities, Weirdness & Mutations

You are very small and have problems with some larger weapons.
You are too small for most types of armour.
You have supernaturally acute eyesight. (SInv)
You cover ground extremely quickly. (Speed+++)


Message History

You hit the goblin.
The goblin is moderately wounded.
The goblin hits you with a +0 dagger. The goblin barely misses you.
The goblin closely misses you.
You hit the goblin.
The goblin is almost dead.
The goblin barely misses you. The goblin completely misses you. x2
You can now pass through a line of other dancers.
Unknown command.
You barely miss the goblin.
The goblin is almost dead.
Unknown command.
You hit the goblin.
You kill the goblin!
The goblin barely misses you. The goblin misses you.
Unknown command.
You hit the goblin.
You kill the goblin!
The goblin misses you.
Unknown command.
You closely miss the goblin. Robin throws the goblin at you!
The goblin completely misses you. Robin hits you with a +0 whip.
Things that are here:
a +0 club; a goblin corpse You hit Robin.
Robin is lightly wounded.
The goblin no longer looks unusually strong.
Unknown command.
You hit the goblin.
The goblin is severely wounded.
Robin zaps a wand.
The puff of flame misses you.
The puff of flame hits the goblin!
The goblin dies!
You see here a +0 club.
Unknown command.
You hit Robin.
Robin is lightly wounded.
Robin zaps a wand.
The puff of flame hits you!
You die...

............##
###.#.)...#...##
#.
..#g#........##
#.# #.#
#.....##.# ...
.g. #..... .#
#.# #g# ###.# .#
#.# #g# #.# #g#
#.####@#
#....))#
#.######
#.########
#.........
#.######## #.#
#.# ## #.# ..


You could see Robin, a hobgoblin (strong) and 2 goblins.

Vanquished Creatures
  A worm (D:2)
  A dart slug (D:1)
  6 ball pythons
  6 bats (D:1)
  4 endoplasms
  4 giant cockroaches
  6 goblins (D:2)
  6 hobgoblins
  3 kobolds
  3 frilled lizards
  A rat (D:2)
41 creatures vanquished.

Vanquished Creatures (others)
  A goblin (D:2)
  A fungus (D:2)
2 creatures vanquished.

Grand Total: 43 creatures vanquished

Notes
Turn   | Place    | Note
-------+----------+-------------------------------------------
     0 | D:1      | Zonian the Spriggan Brigand began the quest for the Orb.
     0 | D:1      | Reached XP level 1. HP: 10/10 MP: 2/2
    71 | D:1      | Reached skill level 6 in Stealth
   104 | D:1      | Reached XP level 2. HP: 12/15 MP: 3/3
   477 | D:1      | Found a faded altar of an unknown god.
   481 | D:1      | Prayed at the altar of an unknown god.
   481 | D:1      | Became a worshipper of Uskayaw the Reveller
   481 | D:1      | Reached * piety under Uskayaw
   742 | D:2      | Reached ** piety under Uskayaw
   778 | D:2      | Reached XP level 3. HP: 18/18 MP: 4/4
  1766 | D:2      | Found a runed translucent door.
  1767 | D:2      | Noticed Crazy Yiuf
  1856 | D:2      | Noticed Robin
  1878 | D:2      | Killed from afar by Robin

Illustrated notes

Levels and vault maps discovered:
D:1:      spicycebolla_arrival_transporter_tutorial, layout_rooms,
          hellmonk_ecumenical_altar_inner_sanctum
D:2:      layout_loops_ring, uniq_robin, uniq_crazy_yiuf_cottage

Skill      XL: |  1  2  3 |
---------------+----------+-----
Stealth        | 6 |  6.4
Dodging        | 2 |  2.3
Fighting       | 2 |  2.0
Short Blades   | |  2.7
Throwing       | |  2.4

Action                   || total
-------------------------++-------
Melee: Dagger            ||   111
 Stab: Sleeping          ||    10
Armor: Robe              ||    15
Dodge: Dodged            ||   117

Table legend: (Time is in decaauts)
 A = Elapsed time spent in this place.
 B = Non-inter-level travel time spent in this place.
 C = Inter-level travel time spent in this place.
 D = Time resting spent in this place.
 E = Time spent auto-exploring this place.
 F = Levels seen in this place.
 G = Mean time per level.
                   A        B        C        D        E       F      G
               +--------+--------+--------+--------+--------+-----+--------+
         Total |   1498 |   1484 |     14 |    629 |    610 |   2 |  749.0 |
       Dungeon |   1498 |   1484 |     14 |    629 |    610 |   2 |  749.0 |
               +--------+--------+--------+--------+--------+-----+--------+

Top non-repeatable levels by time:
     D:1: 834 daAuts
     D:2: 664 daAuts
